 Dungeon Crawl Stone Soup version 0.27.1 (webtiles) character file.

Game seed: 4071214378569718229

82 ZARRMARR the Vexing (level 4, -6/21 HPs)
             Began as a Spriggan Arcane Marksman on Sept 2, 2021.
             Killed from afar by a white imp (8 damage)
             ... with a puff of frost
             ... summoned by Natasha
             ... on level 2 of the Dungeon.
             The game lasted 00:05:05 (1641 turns).

ZARRMARR the Vexing (Spriggan Arcane Marksman)      Turns: 1641, Time: 00:05:05

Health: -6/21      AC:  2    Str:  6    XL:     4   Next: 21%
Magic:  4/8        EV: 17    Int: 15    God:
Gold:   110        SH:  0    Dex: 15    Spells: 7/8 levels left

rFire    . . .     SeeInvis +   a - +0 shortbow
rCold    . . .     Faith    .   (shield currently unavailable)
rNeg     . . .     Spirit   .   d - +0 robe
rPois    .         Reflect  .   (helmet restricted)
rElec    .         Harm     .   (no cloak)
rCorr    .         Rampage  .   (gloves unavailable)
Will     .....                  (boots unavailable)
Stlth    ++........             (no amulet)
HPRegen  0.07/turn              (no ring)
MPRegen  0.11/turn              (no ring)

@: attractive, very quick
A: very small, no large weapons, unfitting armour, see invisible, speed 3
a: no special abilities


You were on level 2 of the Dungeon.
You visited 1 branch of the dungeon, and saw 2 of its levels.

You collected 110 gold pieces.

Inventory:

Hand Weapons
 a - a +0 shortbow (weapon)
Missiles
 c - 27 arrows (quivered ammo)
Armour
 d - a +0 robe (worn)
Jewellery
 k - an amulet of magic regeneration
Scrolls
 b - a scroll of brand weapon {unknown}
 f - a scroll of enchant armour {unknown}
 h - a scroll of identify {unknown}
 i - a scroll of torment {unknown}
Potions
 g - a potion of mutation {unknown}
 j - a potion of magic {unknown}


   Skills:
 - Level 0.7 Fighting
 + Level 3.3 Bows
 * Level 3.3 Dodging
 * Level 1.9 Stealth
 * Level 2.5 Spellcasting
 * Level 4.6 Hexes


You had 7 spell levels left.
You knew the following spells:

 Your Spells              Type           Power      Damage    Failure   Level
a - Corona                Hex            16%        N/A       3%          1

Your spell library contained the following spells:

 Spells                   Type           Power      Damage    Failure   Level
 Slow                     Hex            15%        N/A       4%          2
 Inner Flame              Hex/Fire       8%         N/A       24%         3
 Portal Projectile        Hex/Tloc       16%        N/A       24%         3
 Passwall                 Tmut/Erth      0%         N/A       32%         2
 Cause Fear               Hex            7%         N/A       32%         4
 Swiftness                Air            1%         N/A       54%         3
 Invisibility             Hex            7%         N/A       99%         6


Dungeon Overview and Level Annotations

Branches:
Dungeon (2/15)

Altars:

Annotations:
D:2 Natasha


Innate Abilities, Weirdness & Mutations

You are very small and have problems with some larger weapons.
You are too small for most types of armour.
You have supernaturally acute eyesight. (SInv)
You cover ground extremely quickly. (Speed+++)


Message History

Casting: Corona (safe; 3% risk of failure)
Confirm with . or Enter, or press ? or * to list all spells.
Aiming: Corona (safe; 3% risk of failure)
Press: ? - help, Shift-Dir - straight line, f/p - Natasha
Aim: Natasha (lightly wounded, chance to affect: 51%) Natasha struggles to resist.
Natasha casts a spell at you. The magic dart hits you.
Casting: Corona (safe; 3% risk of failure)
Confirm with . or Enter, or press ? or * to list all spells.
Aiming: Corona (safe; 3% risk of failure)
Press: ? - help, Shift-Dir - straight line, f/p - Natasha
Aim: Natasha (lightly wounded, chance to affect: 51%) Natasha is outlined in light.
Natasha hisses.
Natasha casts a spell.
Fire: 30 arrows
Press: ? - help, Q - select action, (/) - cycle Shift-Dir - straight line, f/p - Natasha
Aim: Natasha (lightly wounded, softly glowing, 70% to hit)
You shoot an arrow. The arrow barely misses Natasha.
The white imp misses you. Natasha barely misses you.
Unknown command.
Fire: 29 arrows
Press: ? - help, Q - select action, (/) - cycle Shift-Dir - straight line, f/p - Natasha
Aim: Natasha (lightly wounded, softly glowing, 70% to hit)
You shoot an arrow. The arrow barely misses Natasha.
Natasha casts a spell at you. The magic dart hits you!
The white imp closely misses you.
Fire: 28 arrows
Press: ? - help, Q - select action, (/) - cycle Shift-Dir - straight line, f/p - Natasha
Aim: Natasha (lightly wounded, softly glowing, 70% to hit)
You shoot an arrow. The arrow hits Natasha.
Natasha is moderately wounded.
Natasha stops glowing.
The white imp closely misses you. Natasha claws you!
* * * LOW HITPOINT WARNING * * *
It was a potion of attraction.
You feel attractive to monsters. The white imp gestures at you.
The puff of frost hits you!
You die...

# #....##.##.##...... #
#<#....##.##.##......
##.#.#....##.##.##......
.............##.##......
#.#......#####.##......
........†.....##......
#.#..#...########......
##....#5..# #..<...
((....h@..# #.#'###
##....#.#.# #.#.#
......#.#.# #.#.# # ##...
#.#.###### #.#.# #
#....#.#.#....# #.#.# #
###....#.#.#...># #.#.###
.........#......# #.#.(..
.............##.###.#####
.............##...#.# #..


You could see Natasha and a white imp (summoned).

Vanquished Creatures
  Jessica (D:2)
  Natasha (D:2)
  An adder (D:2)
  3 bats (D:1)
  3 endoplasms (D:1)
  A giant cockroach (D:1)
  4 goblins
  2 quokkas (D:1)
  4 ball pythons
  2 frilled lizards (D:1)
  2 rats
24 creatures vanquished.

Notes
Turn   | Place    | Note
-------+----------+-------------------------------------------
     0 | D:1      | ZARRMARR the Spriggan Arcane Marksman began the quest for
                  | the Orb.
     0 | D:1      | Reached XP level 1. HP: 9/9 MP: 3/3
   330 | D:1      | Reached skill level 4 in Hexes
   421 | D:1      | Reached XP level 2. HP: 14/14 MP: 5/5
  1029 | D:2      | Noticed Jessica
  1033 | D:2      | Killed Jessica
  1034 | D:2      | Reached skill level 1 in Stealth
  1034 | D:2      | Reached XP level 3. HP: 15/17 MP: 4/7
  1275 | D:2      | Noticed Natasha
  1282 | D:2      | Killed Natasha
  1283 | D:2      | Reached XP level 4. HP: 12/21 MP: 6/8
  1631 | D:2      | Noticed Natasha
  1641 | D:2      | Killed from afar by a white imp

Illustrated notes

Levels and vault maps discovered:
D:1:      dpeg_arrival_tiny_i, layout_basic, ebering_dispersal_statue_hall
D:2:      layout_basic, kennysheep_generic_room_2, uniq_jessica, uniq_natasha

Skill      XL: |  1  2  3 |
---------------+----------+-----
Hexes          | 4 |  4.6
Dodging        | 3 |  3.3
Stealth        | 1 |  1.9
Spellcasting   | 2 |  2.5
Bows           | 3 |  3.3
Fighting       | |  0.7

Action                   |  1- 3 |  4- 6 || total
-------------------------+-------+-------++-------
 Fire: Shortbow          |    45 |     9 ||    54
 Cast: Corona            |    14 |     8 ||    22
  Use: Potion            |       |     1 ||     1
Armor: Robe              |     1 |     1 ||     2
Dodge: Dodged            |     9 |    10 ||    19
